 Dungeon Crawl Stone Soup version 0.31-a0-662-g684573625c (webtiles) character file.

Game seed: 14009161891691317528

114 Ge0ff the Cutter (level 4, -2/26 HPs)
             Began as a Deep Elf Warper on Sept 1, 2023.
             Killed from afar by an orc wizard (5 damage)
             ... with a magic dart
             ... on level 3 of the Dungeon.
             The game lasted 00:04:46 (2029 turns).

Ge0ff the Cutter (Deep Elf Warper)                  Turns: 2029, Time: 00:04:46

Health: -2/26      AC:  4    Str:  8    XL:     4   Next: 66%
Magic:  10/10      EV: 12    Int: 20    God:
Gold:   131        SH:  0    Dex: 14    Spells: 9/9 levels left

rFire   . . .        a - +0 short sword
rCold   . . .        (no shield)
rNeg    . . .        b - +0 leather armour
rPois   .            (no helmet)
rElec   .            (no cloak)
rCorr   .            (no gloves)
SInv    .            F - +0 pair of boots
Will    .....        E - amulet of regeneration
Stlth   ++           (no ring)
HPRegen 1.04/turn    (no ring)
MPRegen 0.12/turn

%: no passive effects
@: brilliant
A: no striking features
a: no special abilities


You were on level 3 of the Dungeon.
You visited 1 branch of the dungeon, and saw 3 of its levels.

You collected 131 gold pieces.

Inventory:

Hand Weapons
 a - a +0 short sword (weapon)
Missiles
 d - 7 darts of dispersal
 C - 68 stones (quivered)
 I - 3 poisoned darts
 O - 6 javelins
Armour
 b - a +0 leather armour (worn)
 F - a +0 pair of boots (worn)
 J - a +0 plate armour
Jewellery
 E - an amulet of regeneration (around neck)
Scrolls
 B - 2 scrolls of blinking
 D - a scroll of immolation {unknown}
 K - a scroll of vulnerability {unknown}
 N - a scroll of revelation {unknown}
 Q - a scroll of poison {unknown}
Potions
 A - a potion of attraction
 R - a potion of resistance


   Skills:
 - Level 2.0 Fighting
 + Level 4.3 Short Blades
 - Level 1.0 Throwing
 - Level 1.0 Armour
 - Level 2.4 Dodging
 - Level 2.0 Stealth
 - Level 3.0 Spellcasting
 - Level 3.2 Translocations


You had 9 spell levels left.
You didn't know any spells.
Your spell library contained the following spells:

 Spells                   Type           Power      Damage    Failure   Level
 Blink                    Tloc           48%        N/A       8%          2
 Lesser Beckoning         Tloc           48%        N/A       8%          2
 Teleport Other           Tloc           24%        N/A       16%         3
 Manifold Assault         Tloc           24%        N/A       45%         4
 Vhi's Electric Charge    Tloc/Air       28%        N/A       71%         4


Dungeon Overview and Level Annotations

Branches:
Dungeon (3/15) Zot: 16032

Altars:

Shops:
D:1 (   D:2 =


Message History

* * * LOW HITPOINT WARNING * * *
You hit something but do no damage. You miss something. Something hits you.
* * * LOW HITPOINT WARNING * * *
Okay, then.
Okay, then.
You hear some strange, mumbled words.
You are confused.
You see here a +0 short sword.
You bump into the rock wall.
You bump into the rock wall.
An orc wizard appears from thin air!
Reactivating autopickup.
The orc wizard points at you and mumbles some strange words.
You are more confused.
You bump into the rock wall.
The orc wizard gestures wildly while chanting.
The orc wizard flickers and vanishes!
Deactivating autopickup; reactivate with Ctrl-A.
You hear some strange, mumbled words.
Something tries to affect you, but you resist.
You're too confused to move!
You bump into the rock wall.
Something hits you but does no damage.
You bump into the rock wall.
Something hits you but does no damage. The orc closely misses you.
Something hits you but does no damage. The orc hits you with a +0 hand axe.
You bump into the rock wall.
You hear some strange, mumbled words.
A puff of flame appears from out of thin air!
The puff of flame hits you!
* * * LOW HITPOINT WARNING * * *
The orc completely misses you.
You feel less confused. The orc barely misses you.
You miss something. Something hits you.
* * * LOW HITPOINT WARNING * * *
You closely miss something.
You hear some strange, mumbled words.
A magic dart appears from out of thin air!
The magic dart hits you.
* * * LOW HITPOINT WARNING * * *
You miss something.
You hear some strange, mumbled words.
A magic dart appears from out of thin air!
The magic dart hits you.
* * * LOW HITPOINT WARNING * * *
You hit something.
You hear some strange, mumbled words.
A magic dart appears from out of thin air!
The magic dart hits you.
You die...

.#........#
.....#.##.########
.#...............#
.......##.######.#
.......##<# #.#
##........# #.#
##.####### #.# #.# #.#
##'## #@# ##...##
####{## #.....##
#>..o.#### .......##
##........#
........####...#####)#
........'..†....# #)#
........####...## #o#
.......## ##....# #.#
#.....## #.##.# #.#


You could see an orc.

Vanquished Creatures
  An orc priest (D:3)
  2 adders (D:2)
  A worm (D:2)
  An orc (D:3)
  5 bats
  8 endoplasms
  2 giant cockroaches
  2 goblins
  5 hobgoblins
  5 jackals
  12 kobolds
  3 quokkas
  6 ball pythons
  2 frilled lizards
  4 rats
59 creatures vanquished.

Vanquished Creatures (others)
  An orc (D:3)
1 creature vanquished.

Grand Total: 60 creatures vanquished

Notes
Turn   | Place    | Note
-------+----------+-------------------------------------------
     0 | D:1      | Ge0ff the Deep Elf Warper began the quest for the Orb.
     0 | D:1      | Reached XP level 1. HP: 12/12 MP: 6/6
   136 | D:1      | Reached skill level 1 in Stealth
   144 | D:1      | Reached XP level 2. HP: 14/16 MP: 8/8
   200 | D:1      | Found Kaoqiesuw's Weapon Boutique.
   620 | D:1      | Reached skill level 3 in Short Blades
   754 | D:3      | Reached XP level 3. HP: 20/20 MP: 9/9
  1327 | D:2      | Reached XP level 4. HP: 26/26 MP: 10/10
  1355 | D:2      | Found a faded altar of an unknown god.
  1493 | D:2      | Found Ytooq's Jewellery Emporium.
  1964 | D:3      | Reached skill level 4 in Short Blades
  1974 | D:3      | Reached skill level 1 in Armour
  2029 | D:3      | Killed from afar by an orc wizard

Illustrated notes

Levels and vault maps discovered:
D:1:      shiori_arrival_maze, layout_loops_ring, serial_shops, shop
D:2:      layout_basic, chequers_ecumenical_altar_simple, serial_shops,
          nicolae_shop_gaudy_bauble
D:3:      layout_loops_corners, uniq_terence

Skill      XL: |  1  2  3  4 |
---------------+-------------+-----
Stealth        | 1 2 |  2.0
Short Blades   | 3 4 |  4.3
Fighting       | 2 |  2.0
Armour         | 1 |  1.0
Throwing       | |  1.0
Dodging        | |  2.4
Spellcasting   | |  3.0
Translocations | |  3.2

Action                     |  1- 3 |  4- 6 || total
---------------------------+-------+-------++-------
  Melee: Short sword       |   246 |   124 ||   370
         Punch             |     1 |     2 ||     3
  Throw: Stone             |     6 |     2 ||     8
         Dart              |     3 |       ||     3
    Use: Scroll            |       |     2 ||     2
         Potion            |       |     2 ||     2
   Stab: Sleeping          |     2 |     1 ||     3
 Armour: Leather armour    |   107 |    87 ||   194
  Dodge: Dodged            |   127 |    58 ||   185

Table legend: (Time is in decaauts)
 A = Elapsed time spent in this place.
 B = Non-inter-level travel time spent in this place.
 C = Inter-level travel time spent in this place.
 D = Time resting spent in this place.
 E = Time spent auto-exploring this place.
 F = Levels seen in this place.
 G = Mean time per level.
                   A        B        C        D        E       F      G
               +--------+--------+--------+--------+--------+-----+--------+
         Total |   1967 |   1891 |     76 |    200 |   1021 |   3 |  655.7 |
       Dungeon |   1967 |   1891 |     76 |    200 |   1021 |   3 |  655.7 |
               +--------+--------+--------+--------+--------+-----+--------+

Top non-repeatable levels by time:
     D:2: 908 daAuts
     D:1: 648 daAuts
     D:3: 410 daAuts
